 Dungeon Crawl Stone Soup version 0.30.1-1-g62c8e00024 (webtiles) character file.

Game seed: 11196662052660165132

9695 LynnLen the Fighter (level 11, -1/104 HPs)
             Began as a Hill Orc Monk on July 14, 2023.
             Was an Elder of Beogh.
             Slain by Kirke (17 damage)
             ... on level 12 of the Dungeon.
             The game lasted 00:17:11 (10705 turns).

LynnLen the Fighter (Hill Orc Monk)                Turns: 10705, Time: 00:17:11

Health: -1/104     AC:  0    Str: 17    XL:     11   Next: 50%
Magic:  17/17      EV: 15    Int: 10    God:    Beogh [****..]
Gold:   655        SH:  0    Dex: 15    Spells: 10/10 levels left

rFire   . . .        B - melded +0 war axe
rCold   . . .        g - melded +0 kite shield
rNeg    . . .        x - melded +0 plate armour
rPois   .            c - melded +0 helmet
rElec   .            y - melded +0 cloak
rCorr   .            G - melded +2 pair of gloves
SInv    .            (boots currently unavailable)
Will    .....        m - amulet of the acrobat
Stlth   +            h - melded +4 ring of protection
HPRegen 0.37/turn    J - melded +4 ring of slaying
MPRegen 0.15/turn

%: acrobat
@: pig-form, very quick
A: fast, no casting, small
a: Renounce Religion, Smiting, Recall Orcish Followers


You were on level 12 of the Dungeon.
You worshipped Beogh.
Beogh was greatly pleased with you.
You were a filthy swine.
You visited 2 branches of the dungeon, and saw 12 of its levels.
You also visited: Sewer.

You collected 655 gold pieces.

Inventory:

Hand Weapons
 a - a +0 hand axe of draining
 B - a +0 war axe (melded)
Armour
 c - a +0 helmet (melded)
 g - a +0 kite shield (melded)
 x - a +0 plate armour (melded)
 y - a +0 cloak (melded)
 G - a +2 pair of gloves (melded)
Jewellery
 d - a +6 ring of intelligence
 h - a +4 ring of protection (melded)
 m - an amulet of the acrobat (around neck)
 r - a ring of willpower
 J - a +4 ring of slaying (melded)
 K - a ring of resist corrosion
Wands
 j - a wand of mindburst (10)
 k - a wand of polymorph (8)
 s - a wand of iceblast (10)
 A - a wand of paralysis (10)
Scrolls
 b - 2 scrolls of immolation
 f - 2 scrolls of teleportation
 i - 3 scrolls of vulnerability
 p - a scroll of noise {unknown}
 q - 2 scrolls of fear {unknown}
 t - 2 scrolls of blinking {unknown}
 u - a scroll of magic mapping {unknown}
 w - a scroll of poison {unknown}
 C - 2 scrolls of summoning {unknown}
 E - a scroll of enchant armour {unknown}
 L - a scroll of enchant weapon {unknown}
 M - 3 scrolls of brand weapon
 N - a scroll of fog {unknown}
 O - a scroll of amnesia {unknown}
 P - a scroll of silence {unknown}
Potions
 e - a potion of invisibility {unknown}
 l - 2 potions of cancellation {unknown}
 n - 2 potions of curing
 o - 2 potions of flight {unknown}
 v - a potion of attraction {unknown}
 z - a potion of resistance {unknown}
 D - 3 potions of brilliance {unknown}
 F - 2 potions of ambrosia
 H - a potion of mutation {unknown}
 I - a potion of lignification {unknown}


   Skills:
 + Level 12.2 Fighting
 + Level 11.4 Axes
 * Level 11.0 Armour
 - Level 2.6 Dodging
 + Level 9.1 Invocations


You had 10 spell levels left.
You didn't know any spells.
Your spell library contained the following spells:

 Spells                   Type           Power      Damage    Failure   Level
 Sandblast                Erth           0%         2d4       36%         1
 Ensorcelled Hibernation  Hex/Ice        0%         N/A       50%         2
 Passwall                 Tmut/Erth      0%         N/A       50%         2
 Call Canine Familiar     Summ           0%         N/A       75%         3
 Hailstorm                Conj/Ice       0%         3d3       75%         3
 Portal Projectile        Hex/Tloc       0%         N/A       75%         3
 Stone Arrow              Conj/Erth      0%         3d7       75%         3
 Swiftness                Air            0%         N/A       75%         3
 Ice Form                 Ice/Tmut       0%         N/A       98%         4
 Leda's Liquefaction      Hex/Erth       0%         N/A       98%         4
 Petrify                  Tmut/Erth      0%         N/A       98%         4
 Metabolic Englaciation   Hex/Ice        0%         N/A       100%        5
 Simulacrum               Ice/Necr       0%         N/A       100%        6
 Statue Form              Tmut/Erth      0%         N/A       100%        6


Dungeon Overview and Level Annotations

Branches:
Dungeon (10/15)            Temple (0/1) D:5            Lair (1/5) D:8
  Sewer (visited)
    Orc: D:9-12

Altars:
Ashenzari
Cheibriados
Dithmenos
Hepliaklqana
Qazlal
Sif Muna
Uskayaw
Wu Jian
Yredelemnul
The Shining One

Shops:
D:6 (:[:*

Annotations:
D:12 Kirke
Lair:1 Fannar


Message History

You block the manticore's attack.
The manticore claws you but does no damage. x2
Something hits you.
Unknown command.
You slash something! You slash the manticore!
The manticore bites you but does no damage.
The manticore claws you but does no damage. x2
Something hits you but does no damage.
Unknown command.
You hit something. You closely miss the manticore.
You hear the beating of a distant drum.
You hear the faint crackling of a distant melting archway.
You block the manticore's attack.
The manticore claws you but does no damage.
The manticore barely misses you. Something hits you but does no damage.
You hit something. You slash the manticore! The manticore bites you.
You block the manticore's attack. The manticore barely misses you.
Something hits you.
Unknown command.
You closely miss something. You slash the manticore!
The manticore completely misses you. You block the manticore's attack.
The manticore claws you. Something hits you but does no damage.
Unknown command.
You barely miss something. You slash the manticore!
You kill the manticore!
The manticore's corpse disappears in a puff of smoke!
Something hits you!
You closely miss something.
You hear some strange, mumbled words.
You turn into a filthy swine.
Your +0 war axe melds into your body.
Your +0 cloak melds into your body.
Your +0 helmet melds into your body.
Your +2 pair of gloves melds into your body.
Your +0 kite shield melds into your body.
Your +0 plate armour melds into your body.
Your +4 ring of protection melds into your body.
Your +4 ring of slaying melds into your body.
You barely miss something. Something hits you!!
* * * LOW HITPOINT WARNING * * *
You miss something. Something hits you!
You die...

...............#
...............#
##.............# #
......)).<.....#######..
.......)................
.......)........<......#
...<...................#
................††#####
.########......{hh# .#
#.......††# .#
#........$# .
#.........# #.........#
#.........# .........#
..........


You could see the friendly Bogrim the hog.

Vanquished Creatures
  A two-headed ogre (D:10)
  A boulder beetle (D:10)
  An orc sorcerer (D:10)
  A deep elf zephyrmancer (D:10)
  Prince Ribbit (D:8)
  A wraith (D:10)
  8 yaks
  2 wyverns
  4 hogs (D:12)
  3 water moccasins
  2 black bears
  3 ice beasts
  3 orc warriors
  10 centaurs
  A phantom (D:6)
  2 kobold brigands
  A gnoll sergeant (D:9)
  7 scorpions
  3 wights (D:6)
  10 killer bees (D:9)
  2 howler monkeys (D:7)
  An orc priest (D:7)
  A gnoll bouda (D:7)
  2 hounds
  An iguana (D:5)
  4 orc wizards
  Robin (D:2)
  7 gnolls
  7 adders
  2 river rats (Sewer)
  A white imp (D:8)
  3 ufetubi (D:5)
  3 worms
  14 orcs
  5 bats
  10 endoplasms
  8 giant cockroaches
  13 goblins
  10 hobgoblins
  7 jackals
  15 kobolds
  7 quokkas
  12 ball pythons
  5 frilled lizards
  6 rats
212 creatures vanquished.

Vanquished Creatures (collateral kills)
  A two-headed ogre (D:10)
  An unseen horror (D:9)
  A troll (D:9)
  3 hornets (D:9)
  3 hogs (D:12)
  3 yaks
  A water moccasin (D:8)
  2 centaurs
  2 kobold brigands
  A bullfrog (D:8)
  6 killer bees (D:9)
  3 orc wizards (D:7)
  2 gnolls (D:9)
  An orc (D:9)
  6 kobolds (D:9)
36 creatures vanquished.

Vanquished Creatures (others)
  2 orc wizards
2 creatures vanquished.

Grand Total: 250 creatures vanquished

Notes
Turn   | Place    | Note
-------+----------+-------------------------------------------
     0 | D:1      | LynnLen the Hill Orc Monk began the quest for the Orb.
     0 | D:1      | Reached XP level 1. HP: 19/19 MP: 1/1
   226 | D:1      | Reached XP level 2. HP: 27/27 MP: 2/2
   379 | D:1      | Reached skill level 4 in Fighting
   622 | D:1      | Reached XP level 3. HP: 31/33 MP: 3/3
  1118 | D:2      | Reached skill level 1 in Armour
  1242 | D:2      | Noticed Robin
  1266 | D:2      | Reached XP level 4. HP: 29/41 MP: 4/4
  1301 | D:2      | Killed Robin
  1970 | D:3      | Reached skill level 5 in Fighting
  2139 | D:3      | Reached skill level 5 in Axes
  2277 | D:3      | Reached XP level 5. HP: 47/48 MP: 5/5
  2571 | D:4      | Found an ornate altar of the Wu Jian Council.
  2645 | D:4      | Noticed a black bear
  2660 | D:4      | Killed a black bear
  2661 | D:4      | Reached skill level 6 in Fighting
  2661 | D:4      | Reached XP level 6. HP: 39/57 MP: 6/6
  3512 | D:5      | Entered Level 5 of the Dungeon
  3542 | D:5      | Reached skill level 7 in Fighting
  3542 | D:5      | Reached XP level 7. HP: 40/66 MP: 7/7
  3657 | D:5      | Became a worshipper of Beogh the Brigand
  3657 | D:5      | Reached * piety under Beogh
  3657 | D:5      | Reached ** piety under Beogh
  3658 | D:5      | Found a staircase to the Ecumenical Temple.
  4033 | D:5      | Found a hide-covered altar of Uskayaw.
  4069 | D:5      | Reached skill level 8 in Fighting
  4069 | D:5      | Reached skill level 1 in Invocations
  4174 | D:5      | Reached XP level 8. HP: 54/74 MP: 9/9
  4428 | D:6      | Found Nal Caeg's Book Boutique.
  4430 | D:6      | Found Toeseupt's Assorted Antiques.
  4430 | D:6      | Found Edghanuec's Book Boutique.
  4522 | D:6      | Found Caak's Armour Boutique.
  4575 | D:6      | Found a glowing drain.
  4678 | Sewer    | Entered a sewer
  5287 | D:6      | Found a basalt altar of Yredelemnul.
  5308 | D:6      | Reached skill level 9 in Fighting
  5480 | D:6      | Found a shadowy altar of Dithmenos.
  5484 | D:6      | Found a hazy altar of Hepliaklqana.
  5485 | D:6      | Found a stormy altar of Qazlal.
  5510 | D:6      | Reached skill level 5 in Armour
  5960 | D:6      | Reached XP level 9. HP: 84/84 MP: 12/12
  6231 | D:6      | Found Tuofiom's Antique Weapon Shop.
  6573 | D:7      | Reached skill level 10 in Fighting
  6722 | D:7      | Found a shimmering blue altar of Sif Muna.
  6849 | D:7      | Reached skill level 5 in Invocations
  7193 | D:7      | Reached *** piety under Beogh
  7604 | D:7      | Found a glowing golden altar of the Shining One.
  7737 | D:8      | Reached XP level 10. HP: 47/94 MP: 14/14
  7873 | D:8      | Found a staircase to the Lair.
  8389 | D:8      | Noticed Prince Ribbit
  8416 | D:8      | Killed Prince Ribbit
  8805 | Lair:1   | Entered Level 1 of the Lair of Beasts
  8805 | Lair:1   | Noticed Fannar
  8972 | D:9      | Killed an unseen horror
  8973 | D:9      | Reached skill level 11 in Fighting
  9088 | D:9      | Reached skill level 10 in Axes
  9108 | D:9      | Gained Bogrim as an ally
  9114 | D:9      | Found a snail-covered altar of Cheibriados.
  9377 | D:9      | Reached **** piety under Beogh
  9692 | D:9      | Found a broken altar of Ashenzari.
 10167 | D:10     | Entered Level 10 of the Dungeon
 10181 | D:10     | Noticed a two-headed ogre
 10184 | D:10     | Noticed a deep elf zephyrmancer
 10192 | D:10     | Killed a two-headed ogre
 10193 | D:10     | Reached skill level 10 in Armour
 10193 | D:10     | Reached XP level 11. HP: 43/104 MP: 17/17
 10197 | D:10     | Noticed a boulder beetle
 10204 | D:10     | Noticed an orc sorcerer
 10211 | D:10     | Killed a deep elf zephyrmancer
 10221 | D:10     | Killed an orc sorcerer
 10224 | D:10     | Killed a boulder beetle
 10229 | D:10     | Noticed a two-headed ogre
 10234 | D:10     | Reached skill level 12 in Fighting
 10581 | D:10     | Noticed a two-headed ogre
 10586 | D:10     | Killed a two-headed ogre
 10652 | D:10     | You fall into a shaft and drop 2 floors!
 10679 | D:12     | Noticed Kirke
 10694 | D:12     | Noticed a manticore
 10705 | D:12     | Slain by Kirke

Illustrated notes

Levels and vault maps discovered:
D:1:      dpeg_arrival_arbitrary_c, layout_loops_ring
D:2:      layout_loops_cross, grunt_decor_arrowhead, st_stairs_6,
          hangedman_decor_points, uniq_robin
D:3:      layout_loops_ring, hangedman_decor_riveting
D:4:      layout_basic, mainiacjoe_overflow_surrounded_room,
          hangedman_decor_clover_reticule
D:5:      layout_gridville, eat_drink_and_be_merry_uskayaw,
          minmay_temple_entry_proselytizer, abandoned_shop,
          nicolae_underground_beach
D:6:      layout_basic, minitemple, mainiacjoe_overflow_24_doors,
          gup_sewer_entry_pipe, serial_shops, nicolae_shop_back_alley_shop,
          minmay_shop_grid_forest
D:7:      layout_loops_cross, mainiacjoe_overflow_boulevard, tso_altar,
          kennysheep_generic_room_7
D:8:      layout_loops_corners, dpeg_oklobed_lair, uniq_prince_ribbit1
D:9:      layout_basic, lemuel_doored_altar, mainiacjoe_overflow_cross_hatched,
          dk_noncrumbling_3, chequers_serial_rivers_marsh,
          kennysheep_minor_cross
D:10:     minmay_the_grid_3x3 [minmay_the_grid_expand, minmay_the_grid_dragon_a,
          minmay_the_grid_tri_star, minmay_the_grid_minigrid_small,
          minmay_the_grid_stretched_grid, minmay_the_grid_holed_spiral,
          minmay_the_grid_minigrid_medium, minmay_the_grid_spikes,
          minmay_the_grid_prize_inner_circle], layout_irregular_city,
          mainiacjoe_overflow_catwalk, minivault_8
D:12:     minmay_stepped, layout_small_grid,
          portal_ice_cave_entry_ice_simulacra, serial_co_window_serial,
          co_window_of_opportunity_a, co_window_corner_a, co_window_corner_a,
          co_window_paths_a, co_window_corner_a, co_window_paths_a,
          co_window_paths_a, co_window_paths_c, co_window_paths_c,
          co_window_of_opportunity_c, co_window_corner_b,
          gauntlet_entry_generic, xom_redecorated, uniq_kirke
Lair:1:   layout_roguey, grunt_megastairs_1, uniq_fannar

Skill      XL: |  1  2  3  4  5  6  7  8  9 10 11 |
---------------+----------------------------------+-----
Fighting       | 4 5 6 7 8 9 10 11 12 | 12.2
Armour         | 1 2 3 4 5 7 10 11 | 11.0
Axes           | 5 6 7 8 9 10 11 | 11.4
Invocations    | 1 4 6 8 9 |  9.1
Dodging        | |  2.6

Action                     |  1- 3 |  4- 6 |  7- 9 | 10-12 || total
---------------------------+-------+-------+-------+-------++-------
  Melee: Hand axe          |   134 |   228 |   615 |   217 ||  1194
         War axe           |       |       |       |    32 ||    32
         Unarmed           |       |       |       |     2 ||     2
  Throw: Throwing net      |       |       |       |     1 ||     1
 Invoke: Convert to Beogh  |       |       |     1 |       ||     1
         Recall Orcish Fol |       |       |       |     2 ||     2
    Use: Scroll            |     1 |     2 |     4 |     1 ||     8
         Potion            |       |     1 |     5 |     4 ||    10
   Stab: Distracted        |       |       |     1 |       ||     1
         Confused          |       |       |       |     1 ||     1
         Held in net/web   |       |       |       |     1 ||     1
 Armour: Robe              |    46 |    12 |       |       ||    58
         Leather armour    |       |    13 |       |       ||    13
         Chain mail        |       |   106 |   358 |       ||   464
         Plate armour      |       |       |    53 |   227 ||   280
  Dodge: Dodged            |    73 |   112 |   174 |   115 ||   474
  Block: Kite shield       |    49 |    93 |   219 |   109 ||   470
